 Dungeon Crawl Stone Soup version 0.31-a0-523-g071a6c1ffa (webtiles) character file.

Game seed: 16838566973574088071

791 Shayle the Chucker (level 7, -5/63 HPs)
             Began as an Ogre Shapeshifter on Aug 11, 2023.
             Slain by an ice beast (9 damage)
             ... on level 5 of the Dungeon.
             The game lasted 00:07:12 (3935 turns).

Shayle the Chucker (Ogre Shapeshifter)              Turns: 3935, Time: 00:07:14

Health: -5/63      AC:  3    Str: 20    XL:     7   Next: 88%
Magic:  8/8        EV:  9    Int: 11    God:
Gold:   224        SH:  0    Dex:  9    Spells: 7/7 levels left

rFire   . .          .
                       - Unarmed
rCold   . . .        (no shield)
rNeg    . . .        a - +0 animal skin
rPois   .            (helmet currently unavailable)
rElec   .            (cloak currently unavailable)
rCorr   .            (gloves unavailable)
SInv    +            (boots unavailable)
Will    .....        (no amulet)
Stlth   +            s - +4 ring of slaying
HPRegen 0.30/turn    h - ring of see invisible
MPRegen 0.11/turn

%: no passive effects
@: beast-form
A: beast (slay +3), large, unfitting armour, tough skin 1
a: Begin Untransformation


You were on level 5 of the Dungeon.
You were a hulking beast.
You visited 1 branch of the dungeon, and saw 5 of its levels.

You collected 224 gold pieces.

Inventory:

Missiles
 i - 3 silver javelins (quivered)
Armour
 a - a +0 animal skin (worn)
Jewellery
 e - a ring of resist corrosion
 h - a ring of see invisible (right hand)
 m - a ring of fire
 s - a +4 ring of slaying (left hand)
Talismans
 c - a beast talisman (active)
 d - a flux talisman
Wands
 n - a wand of polymorph (5)
 p - a wand of flame (50)
 r - a wand of mindburst (6)
Scrolls
 f - a scroll of brand weapon {unknown}
 j - a scroll of poison {unknown}
 k - 2 scrolls of fear {unknown}
 q - 5 scrolls of identify
 t - a scroll of blinking {unknown}
Potions
 b - a potion of lignification
 g - 3 potions of enlightenment
 l - a potion of cancellation {unknown}
 o - a potion of might {unknown}


   Skills:
 - Level 1.9 Fighting
 * Level 5.6 Throwing
 - Level 1.7 Dodging
 + Level 4.7 Unarmed Combat
 - Level 0.7 Spellcasting
 + Level 4.6 Shapeshifting


You had 7 spell levels left.
You didn't know any spells.
Your spell library contained the following spells:

 Spells                   Type           Power      Damage    Failure   Level
 Ensorcelled Hibernation  Hex/Ice        0%         N/A       45%         2
 Passwall                 Tmut/Erth      0%         N/A       45%         2
 Poisonous Vapours        Pois/Air       0%         N/A       45%         2
 Mephitic Cloud           Conj/Pois/Air  0%         N/A       69%         3
 Swiftness                Air            0%         N/A       69%         3
 Freezing Cloud           Conj/Ice/Air   0%         6-21      100%        5


Dungeon Overview and Level Annotations

Branches:
Dungeon (5/15)
 Temple: D:4-7

Altars:
Cheibriados
Elyvilon
Xom
The Shining One


Innate Abilities, Weirdness & Mutations

You are a hulking beast.
Your limbs bulge with bestial killing power. (Slay +3)
You are too large for most types of armour.
You have tough skin. (AC +1)


Message History

* * * LOW HITPOINT WARNING * * *
The black bear claws you.
* * * LOW HITPOINT WARNING * * *
The black bear claws you but does no damage.
Okay, then.
Aiming: Mindburst
Press: ? - help, Shift-Dir - straight line, f - black bear
Aim: a black bear (almost dead, berserk, chance to affect: 64%)
The black bear's mind is blasted!!
You blow up the black bear!
Aiming: Mindburst
Press: ? - help, Shift-Dir - straight line, f - ice beast
Aim: an ice beast (chance to affect: 64%)
The ice beast struggles to resist.
The ice beast closely misses you.
Aiming: Mindburst
Press: ? - help, Shift-Dir - straight line, f/p - ice beast
Aim: an ice beast (chance to affect: 64%)
The ice beast struggles to resist.
The ice beast hits you but does no damage.
Aiming: Mindburst
Press: ? - help, Shift-Dir - straight line, f/p - ice beast
Aim: an ice beast (chance to affect: 64%)
The ice beast's mind is blasted.
The ice beast hits you but does no damage.
Aiming: Mindburst
Press: ? - help, Shift-Dir - straight line, f/p - ice beast
Aim: an ice beast (lightly wounded, chance to affect: 64%)
The ice beast's mind is blasted!
The ice beast hits you but does no damage.
Aiming: Mindburst
Press: ? - help, Shift-Dir - straight line, f/p - ice beast
Aim: an ice beast (heavily wounded, chance to affect: 64%)
The ice beast struggles to resist.
The ice beast closely misses you.
Aiming: Mindburst
Press: ? - help, Shift-Dir - straight line, f/p - ice beast
Aim: an ice beast (heavily wounded, chance to affect: 64%)
The ice beast's mind is blasted!
The ice beast hits you.
* * * LOW HITPOINT WARNING * * *
The ice beast freezes you!
You die...

####### #.....#
######.....#
.........[.#
######.....########
#.....#..>...####
###[............#
#.###########.####.....
#....Yh).....(# ####.#
#..############ #.# #.#
#.# #.# #.# #.# #.# #.#


You could see an ice beast.

Vanquished Creatures
  A black bear (D:5)
  A phantom (D:4)
  3 scorpions
  4 crimson imps (D:3)
  An orc priest (D:4)
  A hound (D:3)
  2 iguanas
  3 orc wizards
  5 adders
  An ufetubus (D:5)
  A worm (D:2)
  6 dart slugs
  8 orcs
  2 endoplasms
  2 giant cockroaches (D:3)
  4 goblins
  5 hobgoblins
  2 jackals (D:3)
  A quokka (D:5)
  4 ball pythons
  2 bats (D:3)
  6 frilled lizards (D:3)
  2 kobolds
  3 rats (D:3)
70 creatures vanquished.

Notes
Turn   | Place    | Note
-------+----------+-------------------------------------------
     0 | D:1      | Shayle the Ogre Shapeshifter began the quest for the Orb.
     0 | D:1      | Reached XP level 1. HP: 19/19 MP: 1/1
   155 | D:1      | Reached XP level 2. HP: 25/28 MP: 2/2
  1170 | D:2      | Reached skill level 1 in Throwing
  1170 | D:2      | Reached XP level 3. HP: 33/35 MP: 4/4
  1408 | D:3      | Found a white marble altar of Elyvilon.
  1469 | D:3      | Found a snail-covered altar of Cheibriados.
  1477 | D:3      | Reached XP level 4. HP: 42/42 MP: 5/5
  1571 | D:3      | Reached skill level 2 in Throwing
  1868 | D:3      | Found a shimmering altar of Xom.
  1883 | D:3      | Reached XP level 5. HP: 41/49 MP: 6/6
  1883 | D:3      | Paralysed by a crimson imp for 5 turns
  1903 | D:3      | Reached skill level 3 in Throwing
  1915 | D:3      | Reached XP level 6. HP: 24/57 MP: 7/7
  2467 | D:4      | Reached skill level 4 in Throwing
  2676 | D:4      | Found a glowing golden altar of the Shining One.
  2767 | D:4      | Reached XP level 7. HP: 37/63 MP: 8/8
  3387 | D:5      | Entered Level 5 of the Dungeon
  3439 | D:5      | Reached skill level 5 in Throwing
  3914 | D:5      | Identified the +2 leather armour of Quantum Leap {Harm
                  | Will+ Dex+3}
  3935 | D:5      | Slain by an ice beast

Illustrated notes

Levels and vault maps discovered:
D:1:      matt_arrival_diagonals, layout_basic, serial_co_window_serial,
          co_window_paths_a, co_window_paths_a, co_window_paths_a,
          co_window_cross_1, co_window_paths_b, co_window_corner_a,
          co_window_unsneaky_path_e, co_window_of_opportunity_b,
          co_window_corner_ca, co_window_corner_cb, co_window_corner_b,
          co_window_corner_cb, glass_columns_a, glass_columns_b,
          glass_columns_b, glass_columns_c, glass_columns_c, serial_park_tiny_1
D:2:      layout_rooms, serial_corexii_hall, chequers_hall_statues_corner_a,
          chequers_hall_statues_corner_a
D:3:      layout_rooms, mainiacjoe_overflow_brackets, led_xom_imps,
          mainiacjoe_overflow_alcove_4, minmay_misc_feat_encased
D:4:      layout_basic, mainiacjoe_overflow_24_doors
D:5:      layout_loops_ring

Skill      XL: |  1  2  3  4  5  6  7 |
---------------+----------------------+-----
Unarmed Combat | 3 4 |  4.7
Throwing       | 1 2 3 4 5 |  5.6
Shapeshifting  | 4 |  4.6
Fighting       | |  1.9
Dodging        | |  1.7
Spellcasting   | |  0.7

Action                     |  1- 3 |  4- 6 |  7- 9 || total
---------------------------+-------+-------+-------++-------
  Melee: Unarmed           |    68 |   120 |    59 ||   247
         Punch             |       |     2 |       ||     2
  Throw: Javelin           |       |    15 |     3 ||    18
  Evoke: Wand              |       |     4 |     7 ||    11
    Use: Scroll            |       |     2 |       ||     2
         Potion            |       |     3 |     1 ||     4
   Stab: Sleeping          |     1 |       |       ||     1
 Armour: Animal skin       |    16 |    16 |    12 ||    44
         Skin              |       |    25 |     4 ||    29
  Dodge: Dodged            |    23 |    50 |    28 ||   101

Table legend: (Time is in decaauts)
 A = Elapsed time spent in this place.
 B = Non-inter-level travel time spent in this place.
 C = Inter-level travel time spent in this place.
 D = Time resting spent in this place.
 E = Time spent auto-exploring this place.
 F = Levels seen in this place.
 G = Mean time per level.
                   A        B        C        D        E       F      G
               +--------+--------+--------+--------+--------+-----+--------+
         Total |   3921 |   3808 |    113 |    587 |   2569 |   5 |  784.2 |
       Dungeon |   3921 |   3808 |    113 |    587 |   2569 |   5 |  784.2 |
               +--------+--------+--------+--------+--------+-----+--------+

Top non-repeatable levels by time:
     D:4: 1220 daAuts
     D:1: 947 daAuts
     D:3: 788 daAuts
     D:5: 543 daAuts
     D:2: 420 daAuts
